 Dungeon Crawl Stone Soup version 0.28-a0-691-gad6df49e81 (webtiles) character file.

Game seed: 13278974484084587313

60 blank1 the Skirmisher (level 3, -4/33 HPs)
             Began as a Minotaur Fighter on Oct 22, 2021.
             Slain by Sigmund (9 damage)
             ... on level 2 of the Dungeon.
             The game lasted 00:02:54 (1599 turns).

blank1 the Skirmisher (Minotaur Fighter)            Turns: 1599, Time: 00:02:55

Health: -4/33      AC:  9    Str: 21    XL:     3   Next: 80%
Magic:  2/2        EV:  8    Int:  5    God:
Gold:   48         SH:  4    Dex:  9    Spells: 2/2 levels left

rFire   . . .      SeeInvis .   a - +0 flail
rCold   . . .      Faith    .   c - +0 buckler
rNeg    . . .      Spirit   .   i - +0 chain mail
rPois   .          Reflect  .   (helmet restricted)
rElec   .          Harm     .   (no cloak)
rCorr   .          Rampage  .   (no gloves)
Will    .....                   (no boots)
Stlth   ..........              (no amulet)
HPRegen 0.11/turn               (no ring)
MPRegen 0.08/turn               (no ring)

@: lethally poisoned (-4 -> -11)
A: horns 2, retaliatory headbutt
a: no special abilities


You were on level 2 of the Dungeon.
You visited 1 branch of the dungeon, and saw 2 of its levels.

You collected 48 gold pieces.

Inventory:

Hand Weapons
 a - a +0 flail (weapon)
Armour
 c - a +0 buckler (worn)
 i - a +0 chain mail (worn)
Scrolls
 e - 2 scrolls of teleportation {unknown}
Potions
 d - a potion of might
 f - a potion of attraction {unknown}
 g - 2 potions of haste {unknown}
 h - a potion of curing


   Skills:
 - Level 4.0 Fighting
 + Level 3.5 Maces & Flails
 - Level 4.0 Armour
 + Level 1.7 Dodging
 - Level 4.0 Shields


You had 2 spell levels left.
You didn't know any spells.
Your spell library was empty.

Dungeon Overview and Level Annotations

Branches:
Dungeon (2/15)

Altars:

Shops:
D:1 *

Annotations:
D:2 Sigmund


Innate Abilities, Weirdness & Mutations

You have a pair of horns on your head.
You reflexively headbutt those who attack you in melee.


Message History

You now have 39 gold pieces (gained 13).
You now have 48 gold pieces (gained 9).
Found an escape hatch in the ceiling.
Sigmund the Dreaded comes into view.
He is wielding a +4 scythe of venom and wearing a +1 robe of fire resistance.
Sigmund shouts!
A giant cockroach comes into view.
Sigmund says, "Look into my eyes."
There is a stone staircase leading up here.
You sock the giant cockroach!
You kill the giant cockroach!
You see here a giant cockroach corpse.
Sigmund gestures wildly while chanting.
Sigmund flickers and vanishes!
Deactivating autopickup; reactivate with Ctrl-A.
You see here a giant cockroach corpse.
Things that are here:
a +0 dagger; a kobold corpse Something hits you.
You are poisoned.
You feel sick.
You feel sick.
There is a stone staircase leading up here.
You feel sick.
You hear some strange, mumbled words.
You are confused.
In your confused state, you trip and fall back down the stairs.
You feel sick. Something completely misses you.
Unknown command.
You feel sick. Something hits you!
You are lethally poisoned!
In your confused state, you trip and fall back down the stairs.
You feel very sick.
Unknown command.
* * * LOW HITPOINT WARNING * * *
You feel very sick.
You're too confused to move!
You feel less confused.
* * * LOW HITPOINT WARNING * * *
You feel sick. Something hits you!
You die...

#######.########
................
#######.######## ### #.#
.. #.# #.#######[#######
##.#....†........#
...+....####..........
.....###..#..<@.......##
..........'.............
.....#.#..#...........##
....#.#..#.............
.........).....#.######
.##...........#.#
#............+.#
##+#............#
..........#+#####


There were no monsters in sight!

Vanquished Creatures
  Terence (D:2)
  A gnoll (D:1)
  A dart slug (D:1)
  2 giant cockroaches (D:2)
  2 goblins (D:1)
  3 hobgoblins (D:1)
  2 kobolds
  2 quokkas
  4 ball pythons (D:1)
  3 frilled lizards (D:1)
  A rat (D:1)
22 creatures vanquished.

Notes
Turn   | Place    | Note
-------+----------+-------------------------------------------
     0 | D:1      | blank1 the Minotaur Fighter began the quest for the Orb.
     0 | D:1      | Reached XP level 1. HP: 19/19 MP: 0/0
   439 | D:1      | Found Yxtaablopn's General Store.
   472 | D:1      | Reached XP level 2. HP: 27/27 MP: 1/1
   641 | D:1      | Found a faded altar of an unknown god.
   822 | D:1      | Reached skill level 1 in Dodging
   822 | D:1      | Reached XP level 3. HP: 26/33 MP: 2/2
  1219 | D:2      | Noticed Terence
  1239 | D:2      | Killed Terence
  1549 | D:2      | Noticed Sigmund
  1599 | D:2      | Slain by Sigmund

Illustrated notes

Levels and vault maps discovered:
D:1:      sevenhm_arrival_forest_fort_small_3, layout_basic,
          ebering_ecumenical_altar_ruins, serial_shops, nicolae_shop_stone
D:2:      layout_basic, uniq_sigmund, uniq_terence

Skill      XL: |  1  2  3 |
---------------+----------+-----
Fighting       | 4 |  4.0
Dodging        | 1 |  1.7
Armour         | 4 |  4.0
Maces & Flails | 3 |  3.5
Shields        | 4 |  4.0

Action                   || total
-------------------------++-------
Melee: Flail             ||    77
       Headbutt          ||    10
Armor: Scale mail        ||    32
Dodge: Dodged            ||    25
Block: Buckler           ||    16

Table legend: (Time is in decaauts)
 A = Elapsed time spent in this place.
 B = Non-inter-level travel time spent in this place.
 C = Inter-level travel time spent in this place.
 D = Time resting spent in this place.
 E = Time spent auto-exploring this place.
 F = Levels seen in this place.
 G = Mean time per level.
                   A        B        C        D        E       F      G
               +--------+--------+--------+--------+--------+-----+--------+
         Total |   1619 |   1582 |     37 |    398 |    944 |   2 |  809.5 |
       Dungeon |   1619 |   1582 |     37 |    398 |    944 |   2 |  809.5 |
               +--------+--------+--------+--------+--------+-----+--------+

Top non-repeatable levels by time:
     D:1: 1215 daAuts
     D:2: 403 daAuts
